[Event "Mongolian Championship Open 2022"]
[Site "Chingis Khentii"]
[Date "2022.05.16"]
[Round "5.3"]
[White "Enkhnar, Enkhbaatar"]
[Black "Boldoo, Erdenepurev"]
[Result "1-0"]
[ECO "B09"]
[WhiteElo "2368"]
[BlackElo "2371"]
[Annotator "TA"]
[PlyCount "71"]
[EventDate "2022.05.12"]
[EventType "tourn"]
[EventCountry "MGL"]
[SourceTitle "playchess.com"]
[Source "ChessBase"]
[SourceQuality "1"]
[TimeControl "40/5400+30:1800+30"]

1. e4 d6 2. d4 Nf6 3. Nc3 g6 4. f4 Bg7 5. Nf3 Nbd7 6. Be3 O-O 7. Qd2 b6 {[%emt 0:03:24] B09: Pirc Defence: Austrian Attack.} 8. e5 Ng4 9. Bg1 c5 {[%emt 0:00:07] White is slightly better.} 10. O-O-O {[%emt 0:03:50] [#]} cxd4 $146 ({Predecessor:} 10... Bb7 11. e6 fxe6 12. Ng5 Rf6 13. Qe2 Nh6 14. Nxe6 Rxe6 15. Qxe6+ Kh8 16. d5 Nf6 {1-0 (40) Campora,D (2515)-Todorcevic,M (2480) Cordoba 1991}) 11. Bxd4 Bb7 12. e6 fxe6 13. Bxg7 Kxg7 14. Be2 Rf6 (14... e5 $2 15. Ng5 Nc5 16. Bxg4 $18) (14... Ngf6 $16) 15. Ng5 $1 $18 Nh6 {[%emt 0:02:05] [#]} 16. Bc4 (16. h4 $1 $18) 16... d5 $16 {[%emt 0:01:13] [#]} 17. Nce4 $1 Nf8 {[%emt 0:01:55] aiming for ...Qc7.} (17... Nc5 18. Nxf6) 18. Nxf6 {[%emt 0:01:00] White is much more active.} exf6 19. Nf3 Nf5 (19... Qe7 $16 {might work better.}) 20. Rhe1 $18 Nd6 21. Bd3 Qc7 22. g4 Ne4 (22... Kg8 $142 23. Kb1 Qe7) 23. Bxe4 dxe4 24. Nd4 f5 25. h4 fxg4 {[%emt 0:01:57] [#]} 26. Nb5 (26. h5 $1 $18 {and the rest is easy.}) 26... Qc5 27. Nd6 Bd5 28. Nxe4 Bxe4 29. Rxe4 {[%emt 0:00:09] Strongly threatening Re5.} h5 30. Rd4 Re8 31. Qe2 Re7 32. Rc4 Qf5 33. Rd8 e5 {[%emt 0:03:38] Threatens to win with ...Ne6.} 34. Rd5 (34. Rd6 $5 ) 34... Nd7 (34... g5 $11 {keeps the balance.} 35. hxg5 Ng6 36. fxe5 Qxg5+ 37. Qd2 Qxd2+ 38. Kxd2 Nxe5) 35. fxe5 {[%emt 0:01:02] Black must now prevent Rc7.} Rxe5 $2 {[%emt 0:00:48][%mdl 8192] [#]} (35... Nc5 $14) 36. Rxd7+ $1 {[%emt 0:54:13][%mdl 512] Weighted Error Value: White=0.17 (very precise) /Black=0.23 (precise)} 1-0

[Event "Mongolian Championship Open 2022"]
[Site "Chingis Khentii"]
[Date "2022.05.16"]
[Round "5.4"]
[White "Amartuvshin, Ganzorig"]
[Black "Gundavaa, Bayarsaikhan"]
[Result "1/2-1/2"]
[ECO "D45"]
[WhiteElo "2350"]
[BlackElo "2495"]
[Annotator "TA"]
[PlyCount "60"]
[EventDate "2022.05.12"]
[EventType "tourn"]
[EventCountry "MGL"]
[SourceTitle "playchess.com"]
[Source "ChessBase"]
[SourceQuality "1"]
[TimeControl "40/5400+30:1800+30"]

1. d4 d5 2. c4 c6 3. Nc3 Nf6 4. e3 e6 5. Nf3 Nbd7 6. Qc2 b6 7. Bd3 Bb7 8. cxd5 {[%emt 0:02:09] D45: Semi-Slav: 5 e3.} cxd5 9. O-O Bd6 10. Bd2 a6 {[%emt 0:03:09] [#] Against Nb5} 11. Ne2 $146 ({Predecessor:} 11. Rfc1 O-O 12. Be1 Re8 13. Ne2 Ne4 14. Qb3 Qe7 15. a3 Rac8 16. Bb4 Bxb4 17. Qxb4 Qxb4 18. axb4 Rxc1+ 19. Rxc1 {½-½ (23) Schulze,U (2319)-Beikert,G (2449) Germany 2010}) 11... Ne4 12. Be1 O-O 13. Nd2 Rc8 14. Qb1 Ndf6 {[%emt 0:07:14][%cal Od6h2] Strongly threatening ...Bxh2+!} 15. h3 Bb8 16. Nf3 Nd7 17. Bb4 Re8 18. Rc1 Qf6 19. Rxc8 Rxc8 20. Nc3 Nxc3 21. Bxc3 ({Don't go for} 21. Bxh7+ $2 Kh8 22. Bxc3 (22. bxc3 $2 g6 $19) 22... g6 $19) 21... h6 22. Qf1 a5 23. Rc1 Qe7 24. Bb5 Nf6 25. Ba6 Ne4 26. a4 Bxa6 27. Qxa6 Qd8 28. Qf1 Rc4 29. Nd2 {[%emt 0:03:01] [#]} ({White should try} 29. Qd3 $15) 29... Nxd2 $2 (29... Rxa4 30. Nxe4 dxe4 31. Qb5 $14) (29... Qc7 $1 $19 30. g3 Rxc3 31. Rxc3 Nxc3 32. bxc3 Qxc3) 30. Bxd2 $11 Qc7 {[%emt 0:00:09] Weighted Error Value: White=0.15 (very precise) /Black=0.16 (very precise)} 1/2-1/2

[Event "Mongolian Championship Open 2022"]
[Site "Chingis Khentii"]
[Date "2022.05.16"]
[Round "5.5"]
[White "Munkhgal, Gombosuren"]
[Black "Battulga, Namkhai"]
[Result "0-1"]
[ECO "D11"]
[WhiteElo "2502"]
[BlackElo "2402"]
[Annotator "TA"]
[PlyCount "103"]
[EventDate "2022.05.12"]
[EventType "tourn"]
[EventCountry "MGL"]
[SourceTitle "playchess.com"]
[Source "ChessBase"]
[SourceQuality "1"]
[TimeControl "40/5400+30:1800+30"]

1. d4 d5 2. c4 c6 3. Nf3 Nf6 4. g3 Bf5 5. Bg2 Nbd7 6. Qb3 {[%emt 0:00:43] [#] D11: Slav Defence: 3 Nf3 sidelines and 3...Nf6 4 e3 Bg4.} Bxb1 $146 (6... Qb6 $11 {keeps the balance.}) ({Predecessor:} 6... Qb6 7. O-O e6 8. Nc3 Qxb3 9. axb3 Bc2 10. Nd2 Bd6 11. c5 Bc7 12. b4 e5 13. Nf3 e4 14. Nh4 O-O 15. Nf5 Bb3 {1-0 (44) Prohaszka,P (2598)-Palla,G (1992) Ajka 2019}) 7. Rxb1 $16 Qb6 8. O-O ({White should play} 8. Qa4 $16) 8... g6 (8... Qxb3 $11 9. axb3 e6) 9. Bf4 (9. Qc2 $16) 9... Bg7 10. Ne5 ({Better is} 10. Qc2 $14) 10... Qxb3 $1 $11 11. axb3 e6 12. Rfd1 Nh5 13. cxd5 exd5 14. Bh3 Nxe5 15. Bxe5 Bxe5 (15... f5 {feels hotter.} 16. Ra1 Kd7 17. e4 dxe4 18. g4 fxg4 19. Bxg4+ Ke7) 16. dxe5 f5 17. f3 O-O 18. e4 dxe4 19. fxe4 Rae8 20. exf5 Rxe5 21. fxg6 hxg6 22. Rd7 Rf7 23. Rbd1 Nf6 24. Rxf7 (24. R7d6 {keeps more tension.} Kf8 25. Rf1 Ke7 26. Rd4) 24... Kxf7 {[%emt 0:00:02][%mdl 4096] Endgame KRB-KRN} 25. Bf1 Ke7 26. Bd3 Kf7 27. h3 Kg7 28. Kf1 Rd5 29. Ke2 Rd4 30. Ra1 a6 31. Ra4 Rd6 32. h4 c5 33. Rf4 Nh5 34. Rg4 b5 (34... a5 $11) 35. Rg5 $16 Kh6 36. Ke3 (36. Rxc5 $6 Nxg3+ 37. Ke3 Nh5 $11) 36... Re6+ 37. Be4 Ng7 {[%emt 0:02:26] [#]} 38. Kd3 (38. Rxc5 $6 Nf5+ 39. Kf3 Nd4+ 40. Kf4 Ne2+ 41. Kf3 Nd4+ 42. Kf4 Ne2+ 43. Kf3 Nd4+ $11) (38. g4 $1 $16) 38... Rd6+ 39. Kc3 Re6 40. Bd3 Nh5 41. Kd2 ({But not} 41. Rxc5 Nxg3 42. b4 Nh5 $11) 41... Rb6 42. Bc2 ({Don't play} 42. Rxc5 Nxg3 43. Ke3 Re6+ 44. Kf3 Rd6 $11) 42... Rc6 43. Be4 Re6 44. Ke3 (44. Bb1 $14) 44... Ng7 $1 45. Kd3 ({Much worse is} 45. Rxc5 $6 Nf5+ 46. Kf3 Nd4+ 47. Kf4 Ne2+ 48. Kf3 Nd4+ 49. Kf4 Ne2+ 50. Kf3 Nd4+ $11) ({White should try} 45. g4 $16) 45... Rd6+ $14 46. Kc3 Re6 47. Bc2 {[%emt 0:00:34] Hoping for g4.} Rf6 $1 48. Rxc5 {[%emt 0:02:48] Threatens to win with Be4.} Rf3+ 49. Kb4 {[%emt 0:00:07] [#] Black must now prevent Rc3.} Rxg3 50. Rc6 Kh5 $1 51. Ka5 {[%emt 0:01:48] aiming for b4.} Nf5 52. Rc5 {[%emt 0:01:06][%mdl 32768] Weighted Error Value: White=0.18 (very precise) /Black=0.11 (very precise) . Loss on time!?} 0-1

[Event "Mongolian Championship Open 2022"]
[Site "Chingis Khentii"]
[Date "2022.05.16"]
[Round "5.6"]
[White "Gan-Erdene, Sugar"]
[Black "Batchuluun, Tsegmed"]
[Result "1-0"]
[ECO "E04"]
[WhiteElo "2419"]
[BlackElo "2536"]
[Annotator "TA"]
[PlyCount "148"]
[EventDate "2022.05.12"]
[EventType "tourn"]
[EventCountry "MGL"]
[SourceTitle "playchess.com"]
[Source "ChessBase"]
[SourceQuality "1"]
[TimeControl "40/5400+30:1800+30"]

1. d4 Nf6 2. c4 e6 3. g3 d5 4. Nf3 dxc4 5. Bg2 Bb4+ 6. Bd2 a5 7. Qc2 {[%emt 0:01:21] E04: Open Catalan: 5 Nf3.} Bxd2+ 8. Qxd2 c6 9. a4 {[%emt 0:04:21] The position is equal.} Ne4 10. Qf4 Qb6 {[%emt 0:00:07] 10...Nd6 is vanishing.} 11. Ne5 (11. Qxe4 $2 Qxb2 12. O-O Qxa1 $17) 11... f6 12. Nxc4 Qb4+ 13. Nbd2 Nxd2 14. Nxd2 O-O 15. O-O Nd7 16. Qe3 {[%emt 0:01:39] [#]} Nb6 $146 ({Predecessor:} 16... e5 17. d5 cxd5 18. Bxd5+ Kh8 19. Rfc1 Nb6 20. Bb3 Bd7 21. Ne4 Bc6 22. Nc5 Nd5 23. Bxd5 Bxd5 {0-1 (43) Tomic,A (2365)-Blagojevic,D (2481) Budva 2021}) 17. b3 Re8 18. Nf3 {[%emt 0:03:32] Against e5} e5 19. dxe5 Bg4 20. Rac1 Bxf3 21. Bxf3 Rxe5 22. Qd3 Rae8 23. Rfd1 f5 24. e3 {[%emt 0:03:42] Black is now going downhill.} Nd5 25. Qd4 ({Much weaker is} 25. Bxd5+ $6 Rxd5 26. Qc4 Qxc4 27. bxc4 Rxd1+ 28. Rxd1 Re4 $11) 25... Qe7 {[%emt 0:27:05] [#]} (25... Qxb3 $2 26. Rb1 Qa3 27. Rxb7 $18) (25... Qxd4 $16 26. exd4 R5e7) 26. Qc4 $1 $18 Rd8 {[%emt 0:00:23] [#]} 27. Qc5 $1 Kf7 ({Weaker is} 27... Qxc5 28. Rxc5 Kf7 29. Rxa5 $16) 28. Qxa5 Rd7 29. Qd2 Nf6 30. Qc3 Rxd1+ 31. Rxd1 ({Don't do} 31. Bxd1 $6 Ne4 32. Qe1 Rd5 $16) 31... g5 32. Qc4+ Kg6 33. b4 {[%emt 0:01:37] Inhibits Qc5.} h6 34. h3 Kg7 35. Bg2 Kg6 36. Kh2 Kg7 37. Rd4 Qf7 38. Qc2 Qe7 39. Qd3 h5 (39... Qf7 $142 40. f4 gxf4) 40. Qc4 Kg6 41. Qc2 g4 42. h4 Kg7 43. Qd2 Qf7 44. Rd8 Re8 45. Rd6 Re6 46. b5 cxb5 47. axb5 Rxd6 48. Qxd6 {[%emt 0:00:06][%mdl 4096] Endgame KQB-KQN} Qa2 (48... Qd7 $142 49. Qxd7+ Nxd7 50. Bxb7 Nb6) 49. Qf4 Qb1 50. Bxb7 Qxb5 51. Bc8 Qf1 (51... Kg6 $142 52. Qg5+ Kf7 53. Bxf5 Qe5 54. Bg6+ Ke6) 52. Bxf5 {[%emt 0:03:52] White threatens Qg5+ and mate.} Nd5 53. Qd4+ Kf8 54. Qd2 (54. e4 $142 Ne7 55. Be6 Qb5 56. Qh8+ Ng8 57. Bxg8 Qc5 58. Bd5+ Ke7 59. Kg2) 54... Nc3 55. Bd3 (55. Qd6+ $142 Kf7 56. Be6+ Kg6 57. Bc4+ Kh7 58. Qe7+ Kh6 59. Bxf1 Kg6 60. Bd3+ Ne4 61. Bxe4+ Kh6 62. Qh7#) 55... Qa1 56. Bc4 Ke7 {[%emt 0:00:20] Inhibits Qd8+.} 57. Bd3 $2 (57. e4 $18 {White wants to mate with e5.} Qa5 58. Qd4) 57... Kf6 (57... Kf8 $11 58. e4 Qa5 59. Qf4+ Ke7) 58. e4 {[%emt 0:00:20] Qf4+ would kill now.} Ke5 59. Qf4+ Ke6 60. Kg2 (60. Qc7 $142 Nd5 61. exd5+ Kf6 62. Qd6+ Kf7 63. Qe6+ Kg7 64. Qe7+ Kg8 65. d6) 60... Qe1 61. Qf5+ Kd6 62. Qf6+ Kc5 63. Qe5+ Kb4 64. Qd4+ Kb3 65. e5 Kb2 66. e6 Qxe6 67. Qb4+ Qb3 68. Qxb3+ Kxb3 {[%emt 0:00:06] KB-KN} 69. Bg6 Nd5 70. Bxh5 {[%emt 0:01:10] Threatening mate with Bf7.} Nf6 71. Bf7+ {[%emt 0:00:07] White mates.} Kc3 72. h5 Kd4 73. h6 Ke5 74. Bg6 Kd5 {[%emt 0:04:11] Weighted Error Value: White=0.22 (precise) /Black=0.42} 1-0

[Event "Mongolian Championship Open 2022"]
[Site "Chingis Khentii"]
[Date "2022.05.18"]
[Round "6.1"]
[White "Batchuluun, Tsegmed"]
[Black "Bilguun, Sumiya"]
[Result "0-1"]
[ECO "E04"]
[WhiteElo "2536"]
[BlackElo "2454"]
[Annotator "TA"]
[PlyCount "74"]
[EventDate "2022.05.12"]
[EventType "tourn"]
[EventCountry "MGL"]
[SourceTitle "playchess.com"]
[Source "ChessBase"]
[SourceQuality "1"]
[TimeControl "40/5400+30:1800+30"]

1. d4 d5 2. c4 e6 3. Nf3 Nf6 4. g3 dxc4 5. Bg2 c6 6. a4 b5 7. Ne5 Nd5 8. O-O Bb7 9. e4 {[%emt 0:03:47] E04: Open Catalan: 5 Nf3.} Nf6 10. Nc3 a6 11. d5 {[%emt 0:07:37] [#] Strongly threatening dxe6. White is slightly better.} Be7 $1 {[%emt 0:06:47][%cal Rc6d5] is the legacy move (11...cxd5).} 12. dxe6 fxe6 13. Qe2 O-O ({Much less strong is} 13... Nbd7 14. Rd1 Qc7 15. Nxd7 Nxd7 16. Qg4 $14) 14. Bh3 Kh8 15. Bxe6 {[%emt 0:01:27] aiming for Nf7+.} Qe8 {[%emt 0:01:38] Against Nf7+} 16. Bf5 Nbd7 17. Nxd7 Nxd7 18. Be3 Ne5 19. f4 Nd3 {[%emt 0:01:14][%cal Of8f5] [#] White must now prevent ...Rxf5!} 20. Bh3 $146 ({Predecessor:} 20. Bg4 Bb4 21. e5 Bxc3 22. bxc3 c5 23. axb5 axb5 24. Bf3 Qc8 25. Bxb7 Qxb7 26. Qg2 Qxg2+ 27. Kxg2 {½-½ (32) Cuomo,S (2012)-Huber,K (2084) ICCF email 2008}) 20... b4 21. Nd1 c5 $36 {[%emt 0:00:38][%mdl 2048] Black fights for an advantage.} 22. Nf2 Bf6 23. Bg2 ({Don't play} 23. e5 {[#]} Bxe5 $1 24. fxe5 Nxe5 $17) 23... Rd8 (23... Bxb2 $2 24. Nxd3 Bxa1 25. Nxc5 $18) 24. Rfd1 $2 (24. Rad1 $11 {and White stays safe.}) 24... Qc6 $2 ({Not} 24... Nxb2 25. Rxd8 Qxd8 26. e5 Bxg2 27. exf6 $11) (24... Bxb2 $19 25. Nxd3 Rxd3 26. Qxb2 Rxe3) 25. Nxd3 $11 cxd3 26. Rxd3 ({White should play} 26. Qd2 $1 $15) 26... Rxd3 $17 27. Qxd3 {[%emt 0:00:04] And now Qe2 would win.} Bxb2 28. Rb1 (28. Rd1 $17) 28... c4 $19 29. Qc2 c3 30. Qb3 a5 31. Bd4 (31. Kf2 $142 Ba3 32. Rg1) 31... c2 32. Qxb2 cxb1=Q+ 33. Qxb1 Rd8 34. Qb2 Qd7 35. Bb6 Qd1+ {[%emt 0:00:29] Black mates.} 36. Bf1 Ba6 37. Qf2 Rd2 {[%emt 0:00:44] Weighted Error Value: White=0.77/Black=0.10 (very precise)} 0-1

[Event "Mongolian Championship Open 2022"]
[Site "Chingis Khentii"]
[Date "2022.05.18"]
[Round "6.2"]
[White "Batsuren, Dambasuren"]
[Black "Agibileg, Uurtsaikh"]
[Result "1-0"]
[ECO "A62"]
[WhiteElo "2501"]
[BlackElo "2440"]
[Annotator "TA"]
[PlyCount "103"]
[EventDate "2022.05.12"]
[EventType "tourn"]
[EventCountry "MGL"]
[SourceTitle "playchess.com"]
[Source "ChessBase"]
[SourceQuality "1"]
[TimeControl "40/5400+30:1800+30"]

1. d4 Nf6 2. c4 g6 3. g3 Bg7 4. Bg2 O-O 5. Nc3 c5 6. d5 d6 7. Nf3 e6 8. O-O exd5 9. cxd5 Re8 10. Re1 Nbd7 {[%emt 0:00:14][%cal Bb8d7,Bd7b6,Bb6c4,Bc4a5][%mdl 32] A62: Modern Benoni: Fianchetto Variation without early ...Nbd7.} 11. e4 Ng4 12. Nh4 {[%emt 0:00:17] [#]} Nb6 $146 {[%emt 0:18:35] White is slightly better.} ({Predecessor:} 12... Nge5 13. f4 Nc4 14. Qe2 Ndb6 15. a4 Na5 16. Qc2 c4 17. Be3 Nb3 18. Rad1 Bd7 {1-0 (46) Verat,L (2353)-Conan,C (2030) France 2003}) 13. h3 Nf6 14. Nf3 Nc4 15. Qb3 Na5 16. Qc2 $36 {[%emt 0:00:37][%mdl 2048] White has some pressure.} a6 17. Bf4 b5 18. Rad1 Nc4 19. b3 Ne5 20. Nxe5 dxe5 21. Be3 Qd6 (21... Bd7 $142) 22. a4 (22. Rc1 $142) 22... Bd7 $16 23. Bf1 Rab8 24. axb5 axb5 25. Ra1 Rb7 {[%emt 0:07:18] Inhibits Ra7.} 26. Ra5 Reb8 27. Rea1 Bf8 28. Ra6 Rb6 29. Ra7 R6b7 30. Rxb7 Rxb7 31. Ra8 {[%emt 0:00:15][%cal Oc3b5] Strongly threatening Nxb5!} Ne8 32. Nd1 f5 33. f3 Kf7 (33... f4 $142) 34. Nf2 Rc7 35. f4 (35. Nd3 $1 $18) 35... Bg7 36. Nd3 fxe4 37. Nxe5+ Bxe5 38. fxe5 Qxe5 39. Qf2+ Qf6 40. Bf4 {[%emt 0:00:00][%mdl 64] Deflection} ({Much weaker is} 40. Bxc5 Qxf2+ 41. Bxf2 Nf6 $11) 40... Rb7 41. Qxc5 {[%emt 0:02:10] And now h4 would win.} g5 {[%emt 0:01:56] [#] Against h4} 42. Bd2 {[%emt 0:08:07] Bb4 is the strong threat.} Qe5 {[%emt 0:06:53] [#]} (42... Rc7 $16 {keeps fighting.} 43. Qe3 (43. Qb4 Qe5 $11) 43... Qf5) 43. Qf2+ {[%emt 0:03:40] Chess con chili.} (43. Bb4 $1 $18 {Black must now prevent Qf8+.} Nf6 44. Rf8+ Kg6 45. Bg2 (45. Qf2 Kg7 $11)) 43... Nf6 44. Ra6 {[%emt 0:03:20] aiming for g4.} Qf5 {[%emt 0:01:56][%mdl 8192] Loses the game.} (44... Rc7 $1 $14) 45. Qd4 $18 e3 (45... Nxd5 $2 46. g4 Qe6 47. Rxe6 $18) (45... Rc7 $142 46. g4 Nxg4) 46. Bxe3 g4 47. Ra2 {[%emt 0:07:17] Threatens to win with Rf2.} Qf3 (47... Qxd5 $142 48. Rf2 Qxd4 49. Bxd4 gxh3 50. Rxf6+ Kg8) 48. Rf2 {[%emt 0:02:01] Active counter play!} Qxg3+ 49. Bg2 {[%emt 0:00:18] This bishop pair is nice.} Qh4 50. Qf4 Bf5 51. Qxf5 Re7 52. Qg5 {[%emt 0:11:22] Weighted Error Value: White=0.16 (very precise) /Black=0.53} (52. Bg5 $142 Re1+ 53. Rf1 Rxf1+ 54. Kxf1 Qxg5 55. Qxg5 h5 56. Qf5 gxh3 57. Be4) 1-0

[Event "Mongolian Championship Open 2022"]
[Site "Chingis Khentii"]
[Date "2022.05.18"]
[Round "6.3"]
[White "Battulga, Namkhai"]
[Black "Amilal Munkhdalai"]
[Result "0-1"]
[ECO "B48"]
[WhiteElo "2402"]
[BlackElo "2033"]
[Annotator "TA"]
[PlyCount "64"]
[EventDate "2022.05.12"]
[EventType "tourn"]
[EventCountry "MGL"]
[SourceTitle "playchess.com"]
[Source "ChessBase"]
[SourceQuality "1"]
[TimeControl "40/5400+30:1800+30"]

1. e4 c5 2. Nf3 Nc6 3. d4 cxd4 4. Nxd4 Qc7 5. Nc3 e6 6. Be3 a6 7. f4 Nxd4 {[%emt 0:17:26] B48: Sicilian: Taimanov: 5 Nc3 Qc7 6 Be3 a6 without Be2.} 8. Qxd4 Ne7 (8... b5 $1 $11 {keeps the balance.}) 9. O-O-O $16 Nc6 {[%emt 0:07:55] White is better.} 10. Qb6 {[%emt 0:01:40] [#]} Qb8 $146 ({Predecessor:} 10... Qxb6 11. Bxb6 d6 12. Bc7 g5 13. Na4 Bd7 14. Nb6 Ra7 15. Be2 gxf4 16. Bxd6 f3 17. gxf3 Bh6+ 18. f4 {1-0 (18) Lubienski,A-Harman,K (1492) ICCF email 2020}) 11. e5 (11. g3 $142) 11... d5 12. Rxd5 exd5 $15 13. Nxd5 Be7 14. Nc7+ Kf8 15. Bc4 Qa7 {[%emt 0:24:14] [#] Strongly threatening ...Qxb6.} 16. Nxa8 Qxa8 {[%emt 0:00:04] Black converts the advantage convincingly.} 17. Rf1 (17. Bc5 $142 Bxc5 18. Qxc5+ Ke8 19. Bd5) 17... Be6 $17 18. Bd3 {[%emt 0:04:06] Hoping for f5.} g6 {[%emt 0:01:25] Threatens to win with ...Nb4.} (18... Bxa2 19. Bc5 $11) 19. f5 (19. Bd2 {was necessary.}) 19... gxf5 $19 (19... Bxa2 20. f6 Bd8 21. Qc5+ Ke8 22. b3 $18) 20. Bxf5 Bxf5 (20... Bxa2 21. e6 Kg7 22. Be4 $11) 21. Rxf5 Qc8 22. Rf1 Rg8 ({Wrong is} 22... Nxe5 $2 23. Qh6+ Kg8 24. Qh5 $19) ({Worse is} 22... Nb4 23. c3 $19) 23. Qb3 Nd8 24. Bb6 Ne6 25. g3 Qc6 26. Be3 Rg4 27. h3 Re4 {[%emt 0:00:42][%cal Oe4e3] And now ...Rxe3! would win.} ({Stronger than} 27... Rxg3 28. Bh6+ Rg7 29. Kb1 $15 (29. Bxg7+ Kxg7 30. Qg3+ Bg5+ 31. Kb1 Qe4 $11)) 28. h4 Rxe5 29. Qd3 Kg8 30. Bd2 Qd5 31. Qc3 $2 {[%emt 0:00:46] [#]} (31. Qf3 Qxf3 32. Rxf3) 31... Qxa2 $1 32. Qc8+ (32. b4 Re4) 32... Bf8 {[%emt 0:00:12] Weighted Error Value: White=0.60/Black=0.09 (flawless)} 0-1

[Event "Mongolian Championship Open 2022"]
[Site "Chingis Khentii"]
[Date "2022.05.18"]
[Round "6.4"]
[White "Gan-Erdene, Sugar"]
[Black "Amartuvshin, Ganzorig"]
[Result "0-1"]
[ECO "B48"]
[WhiteElo "2419"]
[BlackElo "2350"]
[Annotator "TA"]
[PlyCount "56"]
[EventDate "2022.05.12"]
[EventType "tourn"]
[EventCountry "MGL"]
[SourceTitle "playchess.com"]
[Source "ChessBase"]
[SourceQuality "1"]
[TimeControl "40/5400+30:1800+30"]

1. e4 c5 2. Nf3 e6 3. d4 cxd4 4. Nxd4 Nc6 5. Nc3 Qc7 6. Be3 a6 7. Qf3 {[%emt 0:00:50] B48: Sicilian: Taimanov: 5 Nc3 Qc7 6 Be3 a6 without Be2.} Nf6 8. O-O-O Ne5 9. Qg3 {[%emt 0:00:07] White has an edge.} b5 10. a3 {[%emt 0:03:28] Black must now prevent f4.} Bb7 {[%emt 0:01:05] [#]} 11. Bxb5 $1 Rc8 $1 (11... axb5 12. Ndxb5 Qb8 13. Bb6 $16) (11... Nxe4 12. Nxe4 Bxe4 13. Bxd7+ $1 Qxd7 14. Qxe5 $16) 12. Ba4 {[%emt 0:00:41][%cal Od4e6] aiming for Nxe6!} ({But not} 12. Bf4 Nh5 13. Nxe6 (13. Bxe5 $2 Nxg3 14. Bxc7 Nxh1 $19) 13... fxe6 14. Bxe5 Nxg3 $17) 12... Nxe4 13. Nxe4 Bxe4 14. Bf4 Qa5 15. Bxe5 Qxa4 16. Rd2 f6 17. Bd6 {[%emt 0:01:16] Strongly threatening Bxf8.} Kf7 (17... Bxd6 $2 18. Qxd6 Qa5 19. Re1 $18) 18. Re1 Bg6 $1 (18... Bxd6 $2 19. Qxd6 Bd5 20. b3 (20. Nf5 Rhe8 $14) 20... Bxb3 21. Nxb3 $18) 19. Bxf8 Rhxf8 20. Qd6 Kg8 {[%emt 0:01:04] Hoping for ...e5.} 21. f4 {[%emt 0:02:50] Inhibits e5.} Qc4 22. Qxd7 Bf7 $40 {[%emt 0:00:18][%mdl 128] Black mounts an attack.} 23. Nxe6 {[%emt 0:10:49] [#]} Qa2 $146 ({Predecessor:} 23... Rfe8 24. f5 Qa2 25. Rd3 Qa1+ 26. Kd2 Qxb2 27. Nc7 Rf8 28. Re7 Qb6 29. Ke2 Qg1 30. Rxf7 Qxg2+ {0-1 (38) Vignesh,N (2476)-Nandhidhaa,P (2240) Ho Chi Minh City 2019}) 24. Rde2 Qa1+ 25. Kd2 Qxb2 {[%emt 0:00:07] Dancing on a razor blade.} 26. Nxf8 {[%emt 0:00:09][%cal Od7d3] Threatens to win with Qd3!} Qc3+ 27. Kd1 $2 {[%emt 0:00:18][%mdl 8192] [#]} (27. Kc1 $11) 27... Rb8 $1 $19 ({And not} 27... Qa1+ 28. Kd2 Qc3+ 29. Kc1 $11) 28. Kc1 {[%emt 0:07:35] Prevents Rb1+. And now Ne6 would win.} Ba2 {[%emt 0:00:59] Weighted Error Value: White=0.41/Black=0.01 (flawless)} 0-1

[Event "Mongolian Championship Open 2022"]
[Site "Chingis Khentii"]
[Date "2022.05.18"]
[Round "6.5"]
[White "Gundavaa, Bayarsaikhan"]
[Black "Enkhnar, Enkhbaatar"]
[Result "1-0"]
[ECO "B81"]
[WhiteElo "2495"]
[BlackElo "2368"]
[Annotator "TA"]
[PlyCount "112"]
[EventDate "2022.05.12"]
[EventType "tourn"]
[EventCountry "MGL"]
[SourceTitle "playchess.com"]
[Source "ChessBase"]
[SourceQuality "1"]
[TimeControl "40/5400+30:1800+30"]

1. e4 c5 2. Nf3 e6 3. d4 cxd4 4. Nxd4 Nf6 5. Nc3 d6 6. g4 h6 7. h4 Nc6 8. Rg1 d5 9. exd5 Nxd5 {[%emt 0:00:23] B81: Sicilian Scheveningen: Keres Attack.} 10. Nxd5 exd5 11. Be3 Be7 {[%emt 0:02:44] White is slightly better.} 12. g5 $1 {[%emt 0:04:12] 12.g5 scores better than 12.Qd2.} hxg5 13. hxg5 Rh4 14. Qd2 {[%emt 0:08:21] [#]} Bb4 $146 ({Predecessor:} 14... Nxd4 15. Bxd4 Kf8 16. O-O-O Bf5 17. f4 Bd6 18. Kb1 Qc8 19. Bd3 Bxd3 20. Qxd3 Rh3 21. Bxg7+ Kxg7 22. Qxd5 {1-0 (31) Bacrot,E (2671)-Hou,Y (2659) Cap d'Agde 2019}) 15. c3 Nxd4 16. Bxd4 Qe7+ 17. Be2 (17. Kd1 $142 $1 Bc5 18. Bxg7) 17... Bg4 $16 18. Kd1 Bxe2+ 19. Qxe2 Qxe2+ 20. Kxe2 Bf8 21. Kf3 g6 22. Rh1 Re4 (22... Rxh1 $16 23. Rxh1 b6) 23. Rh7 ({Better is} 23. Rad1 $1 $18) 23... Rc8 24. Bxa7 Ke7 25. Bd4 Ke6 26. Rh8 {[%emt 0:00:22][%cal Od4g7] Black must now prevent Bg7!} Kf5 $2 (26... Kd7 $16 27. Rd1 Be7) 27. Be3 (27. Rd1 $18 {and White stays clearly on top.}) 27... Rd8 28. Rd1 {[%emt 0:01:11] Strongly threatening Bb6.} Ke6 29. Bb6 Rb8 30. Rd4 {[%emt 0:03:34] White is more active.} Re5 (30... Rxd4 $16 {might work better.} 31. Bxd4 Bd6) 31. Bc7 $18 Rf5+ 32. Rf4 $1 Rxf4+ (32... Bd6 $2 33. Rxf5 (33. Bxb8 Rxf4+ 34. Kg3 f5 $16) 33... Rxh8 34. Rf6+ Kd7 35. Bxd6 $18) 33. Bxf4 {[%emt 0:00:05][%mdl 4096] Endgame KRB-KRB} Rd8 34. Be3 (34. a4 $1 $18) 34... Be7 $2 {[%emt 0:00:52] [#]} (34... b5 $16 {keeps fighting.} 35. a3 Be7) 35. Rxd8 $1 Bxd8 {[%emt 0:00:04] [#] KB-KB} 36. a4 Kd6 37. b4 d4 $2 (37... Kd7 38. Kf4 Ke6) 38. Bxd4 Bxg5 $2 (38... Kd5 39. a5 Kc4) 39. Ke4 f5+ 40. Kd3 Bd8 41. f4 g5 42. fxg5 Bxg5 43. Be3 $2 (43. a5 Bh4 44. Bb6) 43... Bd8 $2 (43... f4) 44. Bf4+ Kd5 (44... Kc6 $142 45. c4 Bh4) 45. a5 Bh4 46. c4+ Kc6 47. b5+ Kd7 48. c5 Bd8 49. a6 bxa6 50. c6+ Ke6 51. bxa6 Bb6 52. Be3 Kd6 53. Bxb6 Kxc6 {[%emt 0:00:08] White mates.} 54. Ba5 f4 55. Ke4 f3 56. Kxf3 Kd5 {[%emt 0:34:30] Weighted Error Value: White=0.35/Black=0.36} 1-0